 Dungeon Crawl Stone Soup version 0.25-b1-46-gb8a1ec05df (webtiles) character file.

Game seed: 15041958487537838269

655 lepoulpe303 the Digger (level 7, -6/36 HPs)
             Began as a Gargoyle Earth Elementalist on June 9, 2020.
             Killed by divine providence
             ... invoked by an orc priest
              (10 damage)
             ... on level 4 of the Dungeon.
             The game lasted 00:13:48 (3978 turns).

lepoulpe303 the Digger (GrEE)                       Turns: 3978, Time: 00:13:48

Health: -6/36      AC:  8    Str: 11    XL:     7   Next: 54%
Magic:  9/13       EV: 12    Int: 18    God:
Gold:   246        SH:  0    Dex: 10    Spells: 4/14 levels left

rFire    + . .     SeeInvis .   a - +2 whip (venom)
rCold    . . .     Gourm    .   (no shield)
rNeg     + . .     Faith    .   u - +1 leather armour of the Many Beasts {Harm rF+ Stlth-}
rPois    ∞         Spirit   .   m - +0 hat
rElec    +         Reflect  .   (no cloak)
rCorr    .         Harm     +   (no gloves)
MR       .....                  (no boots)
Stlth    +.........             (no amulet)
HPRegen  0.12/turn              (no ring)
MPRegen  0.13/turn              (no ring)

@: no status effects
A: negative energy resistance 1, electricity resistance, unbreathing,
petrification resistance, rot immunity, AC +4
a: no special abilities


You were on level 4 of the Dungeon.
You were not hungry.

You visited 1 branch of the dungeon, and saw 4 of its levels.

You collected 246 gold pieces.

Inventory:

Hand Weapons
 a - a +2 whip of venom (weapon)
 d - a +0 mace
 v - a +3 whip
Missiles
 l - 7 boomerangs (quivered)
 Q - 97 stones
Armour
 c - a +0 robe
 m - a +0 hat (worn)
 u - the +1 leather armour of the Many Beasts (worn) {Harm rF+ Stlth-}
   (You found it on level 4 of the Dungeon)

   It protects you from fire.
   It increases damage dealt and taken.
   It makes you less stealthy.
Jewellery
 q - an uncursed ring of ice {rC+, rF-}
Wands
 o - a wand of acid (6)
Scrolls
 f - 5 scrolls of teleportation {unknown}
 i - 2 scrolls of identify
 r - 2 scrolls of enchant weapon {unknown}
 w - 4 scrolls of remove curse
Potions
 b - 3 potions of stabbing {unknown}
 g - 2 potions of might {unknown}
 h - a potion of magic {unknown}
 j - a potion of brilliance {unknown}
 k - 2 potions of ambrosia {unknown}
 n - a potion of curing {unknown}
 p - 2 potions of degeneration {unknown}
 s - a potion of haste {unknown}
 t - a potion of resistance {unknown}
 y - a potion of mutation {unknown}
Comestibles
 e - 11 rations
 x - 8 chunks of flesh


   Skills:
 * Level 0.3 Armour
 + Level 2.9 Dodging
 - Level 4.2 Stealth
 * Level 4.3 Spellcasting
 + Level 2.3 Conjurations
 - Level 0.7 Transmutations
 * Level 6.3 Earth Magic


You had 4 spell levels left.
You knew the following spells:

 Your Spells              Type           Power        Failure   Level  Hunger
a - Sandblast             Erth           ####..       1%          1    None
c - Petrify               Tmut/Erth      ###.....     41%         4    ####...
w - Passwall              Tmut/Erth      ###.....     7%          2    ##.....
x - Stone Arrow           Conj/Erth      ###...       10%         3    ###....

Your spell library contained the following spells:

 Spells                   Type           Power        Failure   Level  Hunger
 Lee's Rapid Deconstruct  Erth           ####......   36%         5    ######.


Dungeon Overview and Level Annotations

Branches:
Dungeon (4/15)
 Temple: D:4-7

Altars:
Makhleb
Okawaru


Innate Abilities, Weirdness & Mutations

You are resistant to torment.
Your stone body is resilient. (AC +4)
You are immune to poison.
You resist negative energy. (rN+)
You are resistant to electric shocks. (rElec)
You can survive without breathing.
You are immune to petrification.
You are immune to rotting.


Message History

You now have 9/13 mp.
Aim: an orc priest, wielding a +0 hand axe and wearing a +0 scale mail (heavily wounded)
The blast of sand hits the orc priest.
Q - 97 stones The orc wizard gestures wildly while chanting.
The orc wizard blinks!
You hit the orc priest but do no damage.
The orc priest is poisoned.
The orc priest misses you.
You barely miss the orc priest.
The orc priest hits you with a +0 hand axe.
You take 4 damage, and have 22/36 hp.
You hit the orc priest but do no damage.
The orc priest looks as sick as possible!
The orc priest mumbles some strange prayers to Beogh against you.
Beogh smites you!
Ouch! That really hurt!
* * * LOW HITPOINT WARNING * * *
The orc priest invokes the aid of Beogh against you.
Beogh smites you!
You die...

#...##..####oo#.#..##
#.####.#.###o#._.#..#
#.#
#.##.#...#.#...###
#.#
#.###.#...#......###
#.#
#.###.#........#....
#.#
#.#...###......#####
#.# #.#o### ########
#.# #.#o# #.# #@# #.#
#)# #.# #.#
#########.# #.#
#.........# #.#
#.######### #.#
#........# #.#
########.# ... #.#
###


You could see an orc priest (extremely poisoned) and an orc.

Levels and vault maps discovered:
D:1:      dpeg_arrival_signposts, layout_loops_ring
D:2:      layout_basic
D:3:      layout_loops_corners, gammafunk_ghost_cemetery,
          makhleb_heckhound_becter
D:4:      layout_loops_ring, first_ration, grunt_decor_cap,
          okawaru_metal_pillars_3

Notes
Turn   | Place    | Note
-------+----------+-------------------------------------------
     0 | D:1      | lepoulpe303 the Gargoyle Earth Elementalist began the quest
                  | for the Orb.
     0 | D:1      | Reached XP level 1. HP: 10/10 MP: 3/3
    62 | D:1      | Identified a +0 club
   291 | D:1      | Identified a cursed -1 short sword
   321 | D:1      | Reached XP level 2. HP: 11/15 MP: 0/5
   478 | D:1      | Reached skill level 4 in Earth Magic
   488 | D:1      | Identified a +0 mace (You found it on level 1 of the
                  | Dungeon)
   571 | D:1      | Identified a +0 club
  1069 | D:2      | Reached XP level 3. HP: 19/19 MP: 3/6
  1073 | D:2      | Learned a level 2 spell: Passwall
  1077 | D:2      | Learned a level 3 spell: Stone Arrow
  1172 | D:2      | Reached skill level 2 in Dodging
  1172 | D:2      | Reached skill level 3 in Stealth
  1172 | D:2      | Reached XP level 4. HP: 10/24 MP: 4/8
  1588 | D:2      | Identified a +0 spear
  1791 | D:3      | Identified a +0 hat (You found it on level 3 of the
                  | Dungeon)
  1984 | D:3      | Found a runed translucent gate.
  2020 | D:3      | Identified a +0 club
  2036 | D:3      | Identified 3 scrolls of identify
  2036 | D:3      | Identified a ring of ice (You found it on level 3 of the
                  | Dungeon)
  2131 | D:3      | Found a runed translucent gate.
  2131 | D:3      | Found a runed translucent gate.
  2131 | D:3      | Noticed Jaiteiro's ghost (amateur TrWr)
  2131 | D:3      | Noticed greedy's ghost (amateur DsAr)
  2132 | D:3      | Noticed grindst0ne's ghost (amateur DsGl)
  2164 | D:3      | Found a burning altar of Makhleb.
  2180 | D:3      | Reached skill level 3 in Spellcasting
  2180 | D:3      | Reached XP level 5. HP: 14/28 MP: 9/9
  2351 | D:3      | Identified a +0 dagger
  2408 | D:3      | Identified a +0 dagger
  2760 | D:3      | Learned a level 4 spell: Petrify
  2964 | D:2      | Killed grindst0ne's ghost
  2964 | D:2      | Reached skill level 1 in Conjurations
  2964 | D:2      | Reached skill level 5 in Earth Magic
  2964 | D:2      | Reached XP level 6. HP: 12/32 MP: 0/11
  3193 | D:2      | Killed greedy's ghost
  3193 | D:2      | Reached skill level 4 in Stealth
  3193 | D:2      | Reached skill level 4 in Spellcasting
  3193 | D:2      | Reached skill level 2 in Conjurations
  3193 | D:2      | Reached XP level 7. HP: 24/36 MP: 0/13
  3341 | D:2      | Killed Jaiteiro's ghost
  3341 | D:2      | Reached skill level 6 in Earth Magic
  3545 | D:4      | Got a fine leather armour
  3546 | D:4      | Identified 5 scrolls of remove curse
  3557 | D:4      | Identified the +1 leather armour of the Many Beasts {Harm
                  | rF+ Stlth-} (You found it on level 4 of the Dungeon)
  3691 | D:4      | Found an iron altar of Okawaru.
  3741 | D:4      | Identified a +3 whip
  3808 | D:4      | Identified a +0 hand axe
  3808 | D:4      | Identified a +0 scale mail
  3808 | D:4      | Identified a +2 whip of venom
  3808 | D:4      | Identified a +0 dagger
  3808 | D:4      | Identified a +0 robe
  3959 | D:4      | Identified a +0 dagger
  3959 | D:4      | Identified a +0 robe
  3974 | D:4      | Identified a +0 leather armour
  3978 | D:4      | HP: 4/36 [orc priest/divine providence (18)]
  3978 | D:4      | Killed from afar by an orc priest

Table legend:
 A = Turns spent in this place as a percentage of turns spent in the entire game.
 B = Non-inter-level travel turns spent in this place as a percentage of non-inter-level travel turns spent in the entire game.
 C = Inter-level travel turns spent in this place as a percentage of turns spent in this place.
 D = Turns resting spent in this place as a percentage of non-inter-level travel turns spent in this place.
 E = Turns spent auto-exploring this place as a percentage of non-inter-level travel turns spent in this place.
 F = Non-inter-level travel turns spent in this place divided by the number of levels of this place that you've seen.
                   A       B       C       D       E      F
               +-------+-------+-------+-------+-------+----------------------
         Total | 100.0 | 100.0 |   5.7 |  20.0 |  55.0 | 938.2
       Dungeon | 100.0 | 100.0 |   5.7 |  20.0 |  55.0 | 938.2
               +-------+-------+-------+-------+-------+----------------------

Table legend:
 A = Kills in this place as a percentage of kills in entire the game.
 B = Kills by you in this place as a percentage of kills by you in the entire game.
 C = Kills by friends in this place as a percentage of kills by friends in the entire game.
 D = Other kills in this place as a percentage of other kills in the entire game.
 E = Experience gained in this place as a percentage of experience gained in the entire game.
 F = Experience gained in this place divided by the number of levels of this place that you have seen.
                   A       B       C       D       E      F
               +-------+-------+-------+-------+-------+----------------------
         Total | 100.0 | 100.0 |   N/A |   N/A | 100.0 | 234.2
       Dungeon | 100.0 | 100.0 |   N/A |   N/A | 100.0 | 234.2
               +-------+-------+-------+-------+-------+----------------------

Skill      XL: |  1  2  3  4  5  6  7 |
---------------+----------------------+-----
Earth Magic    | 4 5 6 |  6.3
Dodging        | 2 |  2.9
Stealth        | 3 4 |  4.2
Spellcasting   | 3 4 |  4.3
Conjurations   | 1 2 |  2.3
Armour         | |  0.3
Transmutations | |  0.7

Action                   |  1- 3 |  4- 6 |  7- 9 || total
-------------------------+-------+-------+-------++-------
Melee: Unarmed           |    71 |       |       ||    71
       Mace              |    59 |    53 |    10 ||   122
       Whip              |       |       |    25 ||    25
Throw: Boomerang         |       |    18 |     3 ||    21
 Cast: Sandblast         |    11 |    49 |    25 ||    85
       Passwall          |       |     2 |       ||     2
  Use: Scroll            |       |     1 |     1 ||     2
 Stab: Sleeping          |     5 |       |       ||     5
  Eat: Chunk             |     1 |     6 |       ||     7
       Ration            |       |     1 |       ||     1
Armor: Robe              |    39 |    39 |     5 ||    83
       Leather armour    |       |       |    23 ||    23
Dodge: Dodged            |    93 |    61 |    39 ||   193

Vanquished Creatures
  The ghost of grindst0ne the Skirmisher, an amateur DsGl (D:2)
  The ghost of greedy the Cutter, an amateur DsAr (D:2)
  The ghost of Jaiteiro the Chopper, an amateur TrWr of Kikubaaqudgha (D:2)
  A crimson imp (D:2)
  A bullfrog skeleton (D:4)
  A hound (D:3)
  An orc wizard (D:4)
  A hound zombie (D:4)
  4 adders
  An ooze (D:2)
  5 worms
  2 dart slugs (D:1)
  2 orcs (D:4)
  8 bats
  2 giant cockroaches
  4 goblins
  2 hobgoblins (D:1)
  3 jackals (D:4)
  5 kobolds
  A quokka (D:2)
  A ball python (D:3)
  3 frilled lizards
  A leopard gecko skeleton (D:3)
  4 rats
56 creatures vanquished.

Vanquished Creatures (others)
  2 withered plants (D:3)
2 creatures vanquished.

Grand Total: 58 creatures vanquished
